[Event "Marshall CC FIDE Premier April 2024"]
[Site "New York"]
[Date "2024.04.15"]
[Round "5.2"]
[White "Hebbar, Eshaan"]
[Black "Lin, Bryan Enming"]
[Result "1/2-1/2"]
[ECO "A77"]
[WhiteElo "2201"]
[BlackElo "2087"]
[Annotator "TA"]
[PlyCount "64"]
[EventDate "2024.02.02"]
[EventType "swiss"]
[EventCountry "USA"]
[SourceTitle "playchess.com"]
[Source "ChessBase"]
[SourceQuality "1"]
[TimeControl "5400+30"]

1. d4 Nf6 2. c4 c5 3. d5 g6 4. Nc3 Bg7 5. e4 d6 6. Nf3 O-O 7. Be2 e6 8. O-O Re8 9. Nd2 exd5 10. cxd5 Nbd7 11. h3 a6 12. a4 Qc7 13. f4 c4 14. Bxc4 (14. Nxc4 Nxe4 15. Rf3 Nb6 16. Nxe4 Nxc4 $17) (14. e5 $14 dxe5 15. Nxc4 (15. Bxc4 $2 exf4 16. Qb3 Nc5 $19)) 14... Nc5 $15 {[%emt 0:00:14] Black is slightly better.} 15. Re1 Bd7 $1 16. Bf1 {[%emt 0:01:04] [#]} b5 17. axb5 $11 axb5 18. Rxa8 (18. Nxb5 $2 Bxb5 (18... Qb6 19. Nc4 $17) 19. Rxa8 Rxa8 20. Bxb5 Qb6 $19) 18... Rxa8 19. e5 $36 {[%emt 0:12:45][%mdl 2048] White has good play.} (19. Nxb5 Qb6 20. Nc3 (20. Nd4 $2 Nd3 $19) 20... Nd3+ (20... Ncxe4+ $2 21. Kh2 $19) (20... Nfxe4 21. Nc4 $16) 21. Kh2 Nxe1 22. Qxe1 Ne8 $11) (19. Bxb5 $2 Bxb5 20. Nxb5 Qb6 $19) 19... Nh5 20. Nf3 {[%emt 0:00:12] Hoping for Be3.} (20. Bxb5 $2 Bxb5 21. Nxb5 Qb6 22. Nxd6 Nd3+ (22... Nxf4 $2 23. N2c4 $18) 23. Kh2 Qf2 $19 (23... Nxe1 24. Qxe1 Nxf4 25. N2c4 $11)) 20... b4 21. Nb5 Bxb5 22. Bxb5 {[%emt 0:00:03] And now Be3 would win.} Qb6 (22... Ra1 $1 $11 {and Black stays safe.} 23. Kh2 Nxf4) 23. Bc6 $2 ({Better is} 23. Bc4 $18) 23... Ra1 24. Qd4 {[%emt 0:02:34] Kh2 would now be deadly.} Ng3 (24... Rxc1 $1 $11 25. Rxc1 Nxf4) 25. Kh2 Rxc1 26. Rxc1 Ne2 {[%emt 0:00:06][%csl LRc1,LRd4] A dynamic duo of knights.} 27. Qe3 Nxc1 {[%emt 0:00:11] [#]} 28. Qxc1 (28. exd6 $1 $16 {Threatening mate with Qe8+.} Bf8 (28... Bxb2 29. Qe8+ Kg7 30. Ng5 Qa7 31. d7) 29. Qe8) 28... dxe5 29. Nxe5 (29. fxe5 Nd3 30. Qg5 Nxe5 (30... Nxb2 $2 {is the wrong capture.} 31. d6 $18) 31. Nxe5 Qc7 $17) 29... Bxe5 30. fxe5 {[%emt 0:00:02] Threatens to win with Qc4.} Nd3 31. Qg5 {[%emt 0:02:35] Strongly threatening Qg3.} Qc7 $1 32. Qf6 Qxe5+ {[%emt 0:00:42] Weighted Error Value: White=0.28 (precise) /Black=0.24 (precise) .  Missed win:     	White=1     	---        Mistake:       	White=2     	Black=3      Inaccurate:     	White=2     	---        OK:         	White=9     	Black=6      Best:        	---       	Black=4      Strong:       	---       	Black=2} 1/2-1/2

[Event "Marshall CC FIDE Premier April 2024"]
[Site "New York"]
[Date "2024.04.15"]
[Round "5.3"]
[White "Nkululeko, Nkosi"]
[Black "Li, Michael"]
[Result "1-0"]
[ECO "B22"]
[WhiteElo "1956"]
[BlackElo "2072"]
[Annotator "TA"]
[PlyCount "117"]
[EventDate "2024.02.02"]
[EventType "swiss"]
[EventCountry "USA"]
[SourceTitle "playchess.com"]
[Source "ChessBase"]
[SourceQuality "1"]
[TimeControl "5400+30"]

1. e4 c5 2. c3 e5 3. Nf3 Nc6 4. Bc4 Qc7 5. Ng5 Nd8 6. Qb3 d6 7. O-O h6 8. Nf3 {[%emt 0:00:47] White is slightly better.} Nf6 9. d4 Be7 10. Bb5+ Nc6 11. d5 a6 $1 12. Qa4 Rb8 13. Be2 b5 14. Qc2 Na5 15. b3 Nh7 16. Re1 O-O 17. Nbd2 Ng5 18. Nf1 Qd8 19. Bxg5 Bxg5 20. b4 Nb7 21. a4 Bd7 22. axb5 axb5 23. Ra7 c4 {[%emt 0:03:47] [#]} (23... Qb6 $142 24. Rea1 Rfc8) 24. Ng3 (24. Nxg5 $142 $1 {Hoping for Nf3.} Qxg5 25. Rea1) 24... Bf4 {[%emt 0:01:59] [#]} (24... Bf6 $16) 25. Rea1 ({Better is} 25. Nh5 $1 $18) 25... Bxg3 (25... g6 $14) 26. hxg3 $18 f5 27. Nd2 f4 28. g4 (28. gxf4 $142 {Strongly threatening f5.} Rxf4 29. R1a6) 28... Qg5 (28... g5 $142) 29. Nf3 ({White should try} 29. Qa2) 29... Qf6 (29... Qxg4 $2 {is the wrong capture.} 30. Nxe5 dxe5 31. Bxg4 $18) 30. Nh2 g6 (30... Bc8 $142) 31. Qa2 {[%emt 0:00:55] Qa6 would now be deadly.} Qd8 32. Qa6 Qc7 33. Nf3 {[%emt 0:02:03][%cal Of3e5] And now Nxe5! would win.} Kh7 34. g5 $36 {[%emt 0:02:15][%mdl 2048] White is on the roll. White has more active pieces.} Rh8 {[%emt 0:03:04] [#]} (34... h5 $16 {was necessary.} 35. Qa5 Qc8) 35. Qa5 $3 Qc8 (35... Nxa5 36. Rxc7) 36. Qb6 Re8 37. R1a6 Re7 (37... Rg8 $142 38. Bd1 Rg7 39. gxh6 Kxh6 40. Nxe5 dxe5) 38. Rxb7 Qxb7 (38... Rxb7 $142 39. Qxd6 Qe8 40. gxh6 Bg4 41. Ng5+ Kxh6 42. Bxg4 Kxg5) 39. Qxd6 Be8 40. Nxe5 (40. Rb6 $142) 40... Qc7 41. Qxc7 (41. Nxg6 $2 {loses.} Qxd6 42. Nf8+ Kg7 43. Rxd6 Kxf8 44. gxh6 Rxe4 $19) 41... Rxc7 42. d6 {[%emt 0:00:00] Dodges Re7} Rg7 43. gxh6 Kxh6 44. Bg4 {[%emt 0:00:13] Repels Bd7} Kg5 45. d7 Rd8 46. Rd6 Bxd7 47. Bxd7 Re7 48. Rxg6+ (48. Nxg6 $2 {perishes.} Rexd7 49. Rxd7 Rxd7 $19) 48... Kh4 49. Nf3+ (49. g3+ $142 fxg3 50. fxg3+ Kh5 51. Bg4#) 49... Kh5 {[%emt 0:00:03] White is clearly winning.} 50. Rg5+ Kh6 51. Bf5 Rd1+ 52. Kh2 Rd6 {[%emt 0:00:08] Against Rg6+} 53. Rg4 Rf6 54. Rh4+ Kg7 55. Rh7+ Kf8 56. Rxe7 Kxe7 57. Nd4 Rb6 58. e5 Kd8 59. Kh3 {[%emt 0:00:08] Weighted Error Value: White=0.44/Black=0.47.  Mistake:       	White=4     	Black=8      Inaccurate:     	White=1     	Black=5      OK:         	White=18    	Black=10     Best:        	White=2     	Black=1      Strong:       	---       	Black=1} 1-0

[Event "Marshall CC FIDE Premier April 2024"]
[Site "New York"]
[Date "2024.04.15"]
[Round "5.4"]
[White "Ayyappan, Santhosh"]
[Black "Kozower, Ethan"]
[Result "1-0"]
[ECO "E48"]
[WhiteElo "1922"]
[BlackElo "1943"]
[Annotator "TA"]
[PlyCount "117"]
[EventDate "2024.02.02"]
[EventType "swiss"]
[EventCountry "USA"]
[SourceTitle "playchess.com"]
[Source "ChessBase"]
[SourceQuality "1"]
[TimeControl "5400+30"]

1. d4 Nf6 2. c4 e6 3. Nc3 Bb4 4. e3 O-O 5. Bd3 d5 6. Nge2 dxc4 7. Bxc4 c5 8. O-O cxd4 9. exd4 b6 10. a3 Be7 11. d5 Qc7 {[%emt 0:09:35] The position is equal.} (11... exd5 {simplifies} 12. Bxd5 Nxd5 13. Qxd5 Qxd5 14. Nxd5 Bd8) 12. Qb3 {[%emt 0:01:01] Hoping for Nb5.} exd5 $1 13. Nxd5 Nxd5 14. Bxd5 Bb7 15. Bf4 Bxd5 16. Qxd5 Qc6 17. Nc3 {[%emt 0:02:59] [#] Threatens to win with Bxb8.} Rd8 18. Qf5 Na6 (18... g6 {simplifies} 19. Qb5 Qxb5 20. Nxb5 Nc6) 19. Rac1 Nc5 20. Rcd1 {[%emt 0:04:27] Prevents Nd3.} Ne6 21. Be5 f6 {[%emt 0:03:05] [#] White must now prevent ...g6.} 22. Bg3 Nd4 23. Qb1 Kh8 24. Rd3 Rd7 25. Re1 Nf5 26. Rxd7 Qxd7 27. Qe4 Rd8 28. Bc7 Qxc7 29. Qxf5 Qd7 30. Qe4 Bc5 31. b4 Bd6 32. f4 h6 33. Rd1 Qe7 (33... Qc7 $11 34. Nd5 Qc6) 34. Kf1 {[%emt 0:01:27] White is more active.} (34. Qxe7 $14 Bxe7 35. Rxd8+ Bxd8 36. Kf2) 34... Qxe4 ({Black should try} 34... Qc7 $11 35. Nb5 Qb8) 35. Nxe4 $14 Bc7 36. Rxd8+ Bxd8 {[%emt 0:00:01][%mdl 4096] Endgame. KB-KN} 37. Ke2 Bc7 38. g3 Kg8 39. Kd3 ({White should play} 39. Nc3 $16) 39... Kf7 (39... f5 $1 $11 40. Nc3 g5) 40. Nc3 $16 f5 (40... g5 $14) 41. Nb5 Bb8 42. Nd4 g5 $2 {[%emt 0:00:59] This costs Black the game.} (42... a5 $16) 43. fxg5 $18 (43. Nxf5 gxf4 44. g4 (44. Nxh6+ Kg6 $11) 44... Kg6 $14) 43... f4 $2 (43... hxg5 44. Nxf5 Ke6) 44. gxh6 fxg3 45. hxg3 {[%emt 0:00:25] Nc6 would now be deadly.} Kg6 46. Nc6 Bxg3 47. Nxa7 {[%emt 0:00:08] White mates.} Kxh6 48. Nc8 Bf2 49. Kc4 Kg6 50. Kb5 Kf6 51. Nxb6 Ke6 52. Kc6 Be1 53. b5 Ke5 54. Nc4+ Kd4 55. Nd6 Bf2 56. b6 Kd3 57. a4 Kc3 58. Ne4+ Kb4 59. Nxf2 {[%emt 1:05:11] Weighted Error Value: White=0.08 (flawless) /Black=0.40.  Loses game:     	---       	Black=1      Mistake:       	White=2     	Black=5      Inaccurate:     	White=2     	Black=4      OK:         	White=13    	Black=10     Best:        	White=6     	Black=2      Strong:       	---       	Black=1} 1-0

[Event "Marshall CC FIDE Premier April 2024"]
[Site "New York"]
[Date "2024.04.15"]
[Round "5.5"]
[White "Aravindakshan, Sahana"]
[Black "Lee, Rohan"]
[Result "0-1"]
[ECO "E49"]
[WhiteElo "1904"]
[BlackElo "1913"]
[Annotator "RC"]
[PlyCount "104"]
[EventDate "2024.02.02"]
[EventType "swiss"]
[EventCountry "USA"]
[SourceTitle "playchess.com"]
[Source "ChessBase"]
[SourceQuality "1"]
[TimeControl "5400+30"]

1. d4 Nf6 2. c4 e6 3. Nc3 Bb4 4. e3 d5 5. a3 Bxc3+ 6. bxc3 O-O 7. cxd5 exd5 8. Bd3 b6 9. Ne2 c5 10. O-O Ba6 11. f3 Re8 12. Ng3 Bxd3 13. Qxd3 Nc6 14. Bb2 Qe7 15. Rae1 Rad8 16. e4 dxe4 17. fxe4 Ne5 18. Qe2 Ng6 19. d5 b5 20. c4 bxc4 21. Qd2 Ne5 22. Nf5 Qf8 23. Qg5 Nfd7 24. Re3 f6 25. Qh4 Nf7 26. Rg3 Ng5 27. d6 Rxe4 28. Ne7+ Kh8 29. Qh5 Rxe7 30. dxe7 Qxe7 31. h4 Nf7 32. Rd1 Nde5 33. Rxd8+ Qxd8 34. Qe2 Nd3 35. Qg4 g6 36. Bc3 Nfe5 37. Qe6 Nf4 38. Qa6 Ne2+ 39. Kh2 Nxg3 40. Bxe5 fxe5 41. Kxg3 c3 42. Qc6 Qd3+ 43. Kh2 Qf5 44. Qa8+ Kg7 45. Qxa7+ Kh6 46. Qxc5 c2 47. Kg1 Qe4 48. Qf8+ Kh5 49. Qc8 Qe3+ 50. Kh2 Qf4+ 51. Kh3 c1=Q 52. g4+ Kh6 0-1

[Event "Marshall CC FIDE Premier April 2024"]
[Site "New York"]
[Date "2024.04.15"]
[Round "5.6"]
[White "Bonin, Jay"]
[Black "Rosenthal, Max Manuel"]
[Result "0-1"]
[ECO "D44"]
[WhiteElo "2146"]
[BlackElo "1991"]
[Annotator "RC"]
[PlyCount "62"]
[EventDate "2024.02.02"]
[EventType "swiss"]
[EventCountry "USA"]
[SourceTitle "playchess.com"]
[Source "ChessBase"]
[SourceQuality "1"]
[TimeControl "5400+30"]

1. d4 d5 2. Nf3 Nf6 3. c4 e6 4. Nc3 c6 5. Bg5 dxc4 6. e4 b5 7. e5 h6 8. Bh4 g5 9. Nxg5 hxg5 10. Bxg5 Nbd7 11. g3 Bb7 12. Bg2 Qb6 13. exf6 c5 14. d5 O-O-O 15. O-O b4 16. Na4 Qb5 17. a3 Nb8 18. axb4 cxb4 19. Qd4 Bxd5 20. Qxa7 Nd7 21. Rfc1 Bh6 22. Bxh6 Rxh6 23. b3 Bxg2 24. Kxg2 Qc6+ 25. f3 c3 26. Nxc3 bxc3 27. Ra6 Qc7 28. Qa8+ Nb8 29. Ra7 Rd2+ 30. Kf1 Qb6 31. Rxc3+ Kd8 0-1

[Event "Marshall CC FIDE Premier April 2024"]
[Site "New York"]
[Date "2024.04.15"]
[Round "5.7"]
[White "Patel, Maahir M"]
[Black "Prestia, Paris"]
[Result "0-1"]
[ECO "D11"]
[WhiteElo "1879"]
[BlackElo "2059"]
[Annotator "TA"]
[PlyCount "70"]
[EventDate "2024.02.02"]
[EventType "swiss"]
[EventCountry "USA"]
[SourceTitle "playchess.com"]
[Source "ChessBase"]
[SourceQuality "1"]
[TimeControl "5400+30"]

1. Nf3 Nf6 2. g3 d5 3. Bg2 c6 4. O-O Bf5 5. d4 e6 6. c4 Nbd7 7. Nbd2 h6 8. b3 a5 9. Bb2 {[%emt 0:00:17] [#]} a4 $1 10. Re1 (10. Bc3 b5) 10... Ne4 {[%emt 0:00:00] Threatens to win with ...a3. Black has an edge.} 11. Nxe4 Bxe4 12. Nd2 Bxg2 13. Kxg2 Bb4 {[%emt 0:00:00] Wards off Bc3} 14. Qc2 Qa5 15. Rad1 Nf6 16. f3 h5 17. h4 Qb6 18. Bc3 O-O 19. e4 (19. Rb1 $11 Qa5 20. Bxb4 Qxb4 21. a3 Qxa3 22. bxa4) 19... dxe4 (19... Bxc3 $15 20. Qxc3 axb3) 20. Nxe4 $11 Nxe4 21. Rxe4 Bxc3 22. Qxc3 axb3 23. axb3 Ra2+ 24. Kh3 Rfa8 25. Re5 (25. Re3 $1 $15) 25... R8a3 $17 26. Rb1 Rf2 {[%emt 0:02:30] Hoping for ...Raa2.} 27. Rxh5 Raa2 28. Rh1 {[%emt 0:02:14] [#] Prevents Rh2+.} Qd8 $1 {[%emt 0:00:00][%cal Oe6e5] And now ...e5! would win. Black is much more active.} 29. d5 exd5 {[%emt 0:00:00] ( -> ...Qd7+)} 30. Qd3 $2 (30. Rg5 d4 31. Qd3 Qd7+ 32. Qf5 Qxf5+ 33. Rxf5) 30... g6 $19 31. Rg5 Qd7+ 32. Rg4 Rad2 33. Qe3 d4 $2 (33... Qf5 $19 34. h5 Qxh5+ 35. Rh4 Qf5+ (35... Qxf3 36. Qe8+ Kg7 37. Qh8#) 36. Rg4 Rc2 (36... Qxf3 37. Qxf3 Rxf3 38. Rh2 $19)) 34. Qh6 $2 {[%emt 0:00:39][%mdl 8192] Inhibits Rde2.} (34. Qg5 $17) 34... Qf5 $1 35. Re1 Rh2# {[%emt 0:00:00] Weighted Error Value: White=0.77/Black=0.27 (precise) .  Mistake:       	White=3     	Black=1      Inaccurate:     	White=2     	Black=2      OK:         	White=5     	Black=12     Best:        	---       	Black=3      Strong:       	---       	Black=1} 0-1

[Event "Marshall CC FIDE Premier April 2024"]
[Site "New York"]
[Date "2024.04.15"]
[Round "5.8"]
[White "Dong, Kyle Qiyu"]
[Black "Chen, Derek H"]
[Result "0-1"]
[ECO "A11"]
[WhiteElo "1972"]
[BlackElo "2070"]
[Annotator "TA"]
[PlyCount "106"]
[EventDate "2024.02.02"]
[EventType "swiss"]
[EventCountry "USA"]
[SourceTitle "playchess.com"]
[Source "ChessBase"]
[SourceQuality "1"]
[TimeControl "5400+30"]

1. c4 Nf6 2. g3 c6 3. Bg2 d5 4. Nf3 Bg4 5. Qb3 Qb6 6. d3 Nbd7 (6... Qxb3 {simplifies} 7. axb3 Nbd7 8. d4 e6) 7. Be3 {[%emt 0:06:35] Prevents e5.} dxc4 8. dxc4 {[%emt 0:00:47] The position is equal.} Qc7 9. Nbd2 e5 10. h3 Bxf3 11. Bxf3 Bc5 12. Bxc5 Nxc5 13. Qe3 Ne6 14. Nb3 O-O 15. O-O c5 16. Bg2 Rad8 17. Rad1 Nd4 18. Nxd4 exd4 19. Qb3 Rfe8 20. Rfe1 {[%emt 0:02:05] White is weak on the dark squares} Re7 21. e3 (21. Bf3 $15) 21... Rde8 $17 22. Rd3 b6 23. f4 $2 {[%emt 0:05:37] White does not recover from this.} ({White should try} 23. Qd1 $15) 23... h5 24. h4 Qd7 25. Red1 $2 (25. Qd1) 25... Qg4 $19 (25... Rxe3 26. Rxe3 Rxe3 27. Qxe3 dxe3 28. Rxd7 Nxd7 29. Kf1 $19) 26. exd4 (26. e4 Nxe4 27. Rb1) 26... Re1+ 27. Bf1 Qh3 28. Rxe1 Rxe1 29. Rf3 Ng4 30. Qc2 {[%emt 0:00:13] [#] Wards off Qh2+} Rxf1+ $40 {[%emt 0:00:26][%mdl 128] White is in trouble.} 31. Rxf1 {[%emt 0:00:23] [#]} Qxf1+ 32. Kxf1 Ne3+ (32... cxd4 $2 {perishes.} 33. Qd3 $18) 33. Ke2 Nxc2 34. dxc5 bxc5 {[%emt 0:00:08][%mdl 4096] Endgame. KN-KP} 35. a3 Nd4+ 36. Kf2 Kf8 37. b4 Nc2 38. bxc5 Nxa3 39. c6 Ke7 {[%emt 0:00:01] Black mates.} 40. c5 Kd8 41. f5 Kc7 42. g4 hxg4 43. Kg3 Nc4 44. Kxg4 Ne5+ 45. Kf4 f6 46. Ke4 Kxc6 {[%emt 0:00:13] KN-K3P} 47. Kd4 a5 48. h5 a4 49. Kc3 Kxc5 50. h6 gxh6 51. Kb2 Kb4 52. Ka2 h5 53. Kb1 h4 {[%emt 0:00:12] Weighted Error Value: White=0.86/Black=0.22 (precise) .  Loses game:     	White=1     	---        Mistake:       	White=3     	---        Inaccurate:     	White=6     	Black=2      OK:         	White=6     	Black=9      Best:        	---       	Black=3} 0-1

[Event "Marshall CC FIDE Premier April 2024"]
[Site "New York"]
[Date "2024.04.15"]
[Round "5.9"]
[White "Gaw, Chloe"]
[Black "Das, Aditeya"]
[Result "1/2-1/2"]
[ECO "D10"]
[WhiteElo "2052"]
[BlackElo "1887"]
[Annotator "TA"]
[PlyCount "60"]
[EventDate "2024.02.02"]
[EventType "swiss"]
[EventCountry "USA"]
[SourceTitle "playchess.com"]
[Source "ChessBase"]
[SourceQuality "1"]
[TimeControl "5400+30"]

1. d4 d5 2. c4 c6 3. Nc3 Nf6 4. e3 Bf5 5. cxd5 cxd5 6. Qb3 Qb6 (6... Nc6 $11 {remains equal.}) 7. Nxd5 $16 Nxd5 8. Qxd5 Qb4+ 9. Bd2 {[%emt 0:00:51] White is better.} Qxb2 10. Rc1 Bd7 {[%emt 0:00:18] [#] Dodges Bb5} 11. Bb5 {[%emt 0:04:29] White is more active.} Nc6 $1 $11 ({Not} 11... Bxb5 12. Rc8#) 12. Bxc6 bxc6 (12... Bxc6 $5 13. Rxc6 Rd8 $11) 13. Qc4 e6 14. Nf3 Qb5 15. Ne5 Bd6 16. Nxc6 Qg5 (16... Qxc4 $11 {keeps the balance.} 17. Rxc4 Bxc6 18. Rxc6 Kd7) 17. O-O $16 O-O 18. f4 Qf5 19. Ne5 Rfc8 20. Qe2 Bxe5 21. fxe5 ({Less strong is} 21. Rxc8+ Rxc8 22. fxe5 Qe4 $18) 21... Qe4 22. Qf3 Qxf3 23. gxf3 (23. Rxf3 Rxc1+ 24. Bxc1 h6 $11) 23... Bb5 24. Rxc8+ Rxc8 {[%emt 0:00:03][%mdl 4096] Endgame. KRB-KRB} 25. Rb1 a6 26. e4 f6 27. exf6 gxf6 28. Rb2 {[%emt 0:00:51] Against Rc2} Rc4 29. Be3 Rc3 30. Bd2 (30. Kf2 $14 {feels stronger.}) 30... Rc4 {Weighted Error Value: White=0.15 (very precise) /Black=0.17 (very precise) .  Mistake:       	White=2     	Black=2      Inaccurate:     	White=4     	Black=1      OK:         	White=7     	Black=8      Best:        	White=1     	Black=3      Strong:       	---       	Black=1} (30... Rxf3 $11 31. Bh6 Bd3 32. Rg2+ Kf7 33. Rg7+ Ke8) 1/2-1/2

[Event "Marshall CC FIDE Premier April 2024"]
[Site "New York"]
[Date "2024.04.15"]
[Round "5.10"]
[White "Knowles, Chase"]
[Black "Zhu, Linxi"]
[Result "0-1"]
[ECO "E92"]
[WhiteElo "1978"]
[BlackElo "1980"]
[Annotator "TA"]
[PlyCount "92"]
[EventDate "2024.02.02"]
[EventType "swiss"]
[EventCountry "USA"]
[SourceTitle "playchess.com"]
[Source "ChessBase"]
[SourceQuality "1"]
[TimeControl "5400+30"]

1. Nf3 Nf6 2. c4 g6 3. Nc3 Bg7 4. e4 d6 5. d4 O-O 6. Be2 e5 7. d5 a5 8. Bg5 Na6 9. Nd2 Nc5 10. b3 h6 11. Be3 Nfd7 12. f3 {[%emt 0:11:09] White is slightly better.} f5 13. O-O Nf6 14. a3 f4 {[%emt 0:01:18] [#]} 15. Bf2 b6 16. b4 Ncd7 17. Nb3 Rf7 18. c5 dxc5 19. bxc5 Nxc5 20. Nxc5 bxc5 21. Bxc5 Bf8 22. Bf2 ({White should play} 22. Bxf8 $16 {Bc5 would now be deadly.} Qxf8 23. Nb5) 22... g5 $14 23. Nb5 h5 (23... g4 $14) 24. Na7 (24. d6 $16 cxd6 25. Bc4) 24... Bd6 25. Nxc8 Qxc8 26. Qc2 Qf8 27. a4 Rh7 28. Rfc1 h4 {[%emt 0:02:23] [#]} (28... Qh6 $16) 29. h3 $1 $18 Nh5 30. Rab1 Ng3 31. Bd1 $2 (31. Rb5 $18) 31... Ba3 $14 32. Bc5 ({White should try} 32. Qa2 $1 $14 Bxc1 33. Rxc1) 32... Bxc1 $11 33. Qxc1 (33. Bxf8 $5 Be3+ $8 34. Kh2 Nf1+ 35. Kh1 Ng3+ 36. Kh2 Nf1+ 37. Kh1 Ng3+ 38. Kh2 $11) 33... Qc8 34. Qb2 {[%emt 0:00:28][%mdl 1024] White has compensation.} Qa6 $1 {[%emt 0:02:08] ( -> ...Qf1+)} 35. Bb3 Re8 $1 36. Rd1 ({But not} 36. d6+ $2 Kh8 37. d7 Rxd7 $19) 36... Kh8 37. Qc2 Qe2 {[%emt 0:07:55][%cal Og5g4] Hoping for ...g4!} 38. Qc3 $2 (38. Rc1 $11 {and White stays safe.}) 38... g4 $1 $19 {[%emt 0:04:26] ...gxh3 is the strong threat.} 39. Re1 $2 {[%emt 0:04:15] [#]} (39. Qd3 Rb8 40. Bc4 gxf3 41. gxf3 Qxd3 42. Bxd3) 39... gxh3 $1 40. Bf2 {[%emt 0:00:26] [#]} (40. Rxe2 Nxe2+) 40... h2+ $1 41. Kxh2 Qxf2 {[%emt 0:00:06] Black mates.} 42. Qc6 Rf8 43. Qc3 h3 44. Qxe5+ Rg7 45. Rg1 Nf1+ 46. Kxh3 Qg3# {[%emt 0:00:04] Quite a comeback for Black.   Weighted Error Value: White=0.57/Black=0.11 (very precise) .  Loses game:     	White=1     	---        Mistake:       	White=5     	Black=2      Inaccurate:     	White=3     	Black=4      OK:         	White=10    	Black=6      Best:        	---       	Black=2      Strong:       	White=1     	Black=3} 0-1